 Dungeon Crawl Stone Soup version 0.26.0-16-gc1dbca0489 (webtiles) character file.

Game seed: 12096674521169482309

31 thiole the Sneak (level 3, 0/21 HPs)
             Began as an Octopode Hedge Wizard on Jan 19, 2021.
             Killed from afar by a dart slug (6 damage)
             ... with a slug dart
             ... on level 1 of the Dungeon.
             The game lasted 00:01:01 (680 turns).

thiole the Sneak (Octopode Hedge Wizard)             Turns: 680, Time: 00:01:01

Health: 0/21       AC:  1    Str:  9    XL:     3   Next: 22%
Magic:  3/7        EV: 13    Int: 17    God:
Gold:   109        SH:  0    Dex: 11    Spells: 7/8 levels left

rFire    . . .     SeeInvis .   a - +0 dagger
rCold    . . .     Faith    .   (no shield)
rNeg     . . .     Spirit   .   b - +0 hat
rPois    .         Reflect  .   (no amulet)
rElec    .         Harm     .   (no ring)
rCorr    .         Rampage  .   (no ring)
Will     .....                  (no ring)
Stlth    +++.......             (no ring)
HPRegen  0.07/turn              (no ring)
MPRegen  0.10/turn              (no ring)
                                (no ring)
                                (no ring)

@: no status effects
A: almost no armour, stealthy swim, amphibious, 8 rings, constrict 8, camouflage
1, gelatinous body 1
a: no special abilities


You were on level 1 of the Dungeon.
You visited 1 branch of the dungeon, and saw 1 of its levels.

You collected 109 gold pieces.

Inventory:

Hand Weapons
 a - a +0 dagger (weapon)
Armour
 b - a +0 hat (worn)
Jewellery
 h - a cursed ring of teleportation {unknown}
Scrolls
 d - 3 scrolls of identify {unknown}
 f - 2 scrolls of magic mapping {unknown}
 g - a scroll of remove curse {unknown}
Potions
 c - 2 potions of curing {unknown}
 e - a potion of brilliance {unknown}


   Skills:
 - Level 2.0 Dodging
 + Level 3.2 Stealth
 + Level 3.2 Spellcasting
 * Level 1.8 Conjurations
 * Level 1.8 Summonings
 - Level 1.0 Translocations


You had 7 spell levels left.
You knew the following spells:

 Your Spells              Type           Power        Failure   Level
a - Magic Dart            Conj           36%          9%          1

Your spell library contained the following spells:

 Spells                   Type           Power        Failure   Level
 Call Imp                 Summ           9%           12%         2
 Blink                    Tloc           N/A          17%         2
 Slow                     Hex            2%           26%         2
 Conjure Flame            Conj/Fire      5%           34%         3
 Mephitic Cloud           Conj/Pois/Air  4%           36%         3


Dungeon Overview and Level Annotations

Branches:
Dungeon (1/15)

Altars:


Innate Abilities, Weirdness & Mutations

You cannot wear most types of armour.
You are very stealthy in the water. (Stealth+)
You are amphibious.
You can wear up to eight rings at the same time.
You can use your tentacles to constrict eight enemies at once.
Your skin changes colour to match your surroundings (Stealth+).
Your rubbery body absorbs attacks. (AC +1, EV +1)


Message History

You hit the hobgoblin.
The hobgoblin is moderately wounded.
You constrict the hobgoblin, but do no damage.
The hobgoblin hits you. The dart slug closely misses you.
You completely miss the hobgoblin.
The hobgoblin is moderately wounded.
You constrict the hobgoblin. The hobgoblin hits you.
The dart slug closely misses you.
You hit the hobgoblin but do no damage.
The hobgoblin is severely wounded.
You constrict the hobgoblin. The hobgoblin hits you.
* * * LOW HITPOINT WARNING * * *
The dart slug closely misses you.
You hit the hobgoblin.
You kill the hobgoblin!
You hit the dart slug but do no damage. You grab the dart slug.
You constrict the dart slug. The dart slug launches a dart at you.
The slug dart hits you.
You die...

.........##
##.........
#.........#
#........?#
#.........#
#.........# ##.
#.!..†w...#########...
#...@..†.............
##..........# ......
#######..#####......
##.....#......
#####......#
###..#.###
#####....#.#
#.....##...#
#...#####..####


You could see a dart slug.

Vanquished Creatures
  3 dart slugs (D:1)
  A ball python (D:1)
  2 bats (D:1)
  2 giant cockroaches (D:1)
  A goblin (D:1)
  2 hobgoblins (D:1)
  6 jackals (D:1)
  A frilled lizard (D:1)
  3 kobolds (D:1)
21 creatures vanquished.

Notes
Turn   | Place    | Note
-------+----------+-------------------------------------------
     0 | D:1      | thiole the Octopode Hedge Wizard began the quest for the
                  | Orb.
     0 | D:1      | Reached XP level 1. HP: 11/11 MP: 4/4
   135 | D:1      | Reached XP level 2. HP: 17/17 MP: 0/6
   627 | D:1      | Reached XP level 3. HP: 20/21 MP: 4/7
   680 | D:1      | Killed from afar by a dart slug

Illustrated notes

Levels and vault maps discovered:
D:1:      saegor_arrival_simple_c, layout_rooms

Skill      XL: |  1  2 |
---------------+-------+-----
Stealth        | 3 |  3.2
Dodging        | |  2.0
Spellcasting   | |  3.2
Conjurations   | |  1.8
Summonings     | |  1.8
Translocations | |  1.0

Action                   || total
-------------------------++-------
Melee: Dagger            ||    39
       Tentacles         ||    11
       Constrict         ||    12
 Cast: Magic Dart        ||    30
Armor: Skin              ||     1
Dodge: Dodged            ||    26
